 Dungeon Crawl Stone Soup version 0.14-a0-840-g06343e3 (webtiles) character file.

2202 PolkaDot the Jinx (level 9, 0/57 HPs)
             Began as a Vampire Enchanter on Nov 13, 2013.
             Was an Initiate of Ashenzari.
             Slain by an ogre
             ... wielding a +0,+0 giant club
              (28 damage)
             ... on Level 8 of the Dungeon.
             The game lasted 00:37:30 (7091 turns).

PolkaDot the Jinx (Vampire Enchanter)               Turns: 7091, Time: 00:37:31

HP   0/57        AC  9     Str  7      XL: 9   Next:  1%
MP   7/17        EV 13     Int 17      God: Ashenzari [......]
Gold 224         SH  0     Dex 17      Spells:  3 memorised,  2 levels left

Res.Fire  : . . .   See Invis. : +   a - +2 dagger (curse)
Res.Cold  : . . .   Warding    : .   b - +1 robe
Life Prot.: + . .   Conserve   : +   (no shield)
Res.Poison: .       Res.Corr.  : .   (no helmet)
Res.Elec. : .       Clarity    : .   (no cloak)
Sust.Abil.: . .     Spirit.Shd : .   (no gloves)
Res.Mut.  : .       Stasis     : .   e - +0 pair of boots (curse)
Res.Rott. : .       Flight     : .   w - amulet of conservation {unknown}
Saprovore : . . .                    F - cursed ring of wizardry
                                     n - cursed +5 ring of protection

@: very slightly contaminated, somewhat resistant to hostile enchantments, very
stealthy
A: bottle blood, fangs 3, see invisible, unbreathing
a: Bat Form, Bottle Blood, Renounce Religion


You were on level 8 of the Dungeon.
You worshipped Ashenzari.
Ashenzari was noncommittal.
You were not thirsty.

You visited 2 branches of the dungeon, and saw 9 of its levels.
You also visited: Sewer.

You collected 318 gold pieces.
You spent 94 gold pieces at shops.

Inventory:

Hand weapons
 a - a cursed +2,+2 dagger (weapon)
 g - a +1,+4 short sword of electrocution
 x - a +3,+1 elven short sword
Armour
 b - a +1 robe (worn)
 e - a cursed +0 pair of boots (worn)
 J - a cursed +0 robe
Magical devices
 j - a wand of digging (11)
 t - a wand of paralysis (18) {unknown}
 I - a wand of hasting (6) {unknown}
Scrolls
 f - a scroll of fog
 i - a scroll of teleportation
 p - a scroll of remove curse
 s - 2 scrolls of enchant weapon II
 B - a scroll of curse armour
 C - a scroll of immolation {unknown}
Jewellery
 n - a cursed +5 ring of protection (left hand)
 w - an amulet of conservation (around neck) {unknown}
 y - an uncursed ring of sustenance
 A - an uncursed amulet of stasis
 F - a cursed ring of wizardry (right hand)
Potions
 h - a potion of heal wounds
 k - 2 potions of curing
 l - a potion of speed
 m - a potion of magic
 o - a potion of agility
 q - a potion of cure mutation
 r - a potion of poison
 u - a potion of beneficial mutation
 v - 2 potions of flight
 z - a potion of invisibility
 D - a potion of brilliance
 E - a potion of berserk rage
Books
 c - a book of Maledictions

   Spells                             Type                      Level
   *Corona                            Hexes                        1
   Sure Blade                         Hexes/Charms                 2
   Ensorcelled Hibernation            Hexes/Ice                    2
   *Confuse                           Hexes                        3
   Enslavement                        Hexes                        4
   *Invisibility                      Hexes                        6
 d - a book of Annihilations {highlevel}

   This book is beyond your current level of understanding.

   Spells                             Type                      Level
   Poison Arrow                       Conjuration/Poison           6
   Orb of Destruction                 Conjuration                  7
   Chain Lightning                    Conjuration/Air              8
   Lehudib's Crystal Spear            Conjuration/Earth            8
   Ice Storm                          Conjuration/Ice              9
   Fire Storm                         Conjuration/Fire             9
 H - a book of Battle

   Spells                             Type                      Level
   Infusion                           Charms                       1
   Shroud of Golubria                 Charms/Translocation         2
   Song of Slaying                    Charms                       2
   Spectral Weapon                    Hexes/Charms                 3
   Regeneration                       Charms/Necromancy            3


   Skills:
 + Level 6.9 Short Blades
 - Level 0.7 Throwing
 - Level 2.1 Dodging
 + Level 9.0 Stealth
 * Level 2.4 Spellcasting
 - Level 11.7 Hexes


You had 2 spell levels left.
You knew the following spells:

 Your Spells              Type           Power        Failure   Level  Hunger
A - Corona                Hex            #####..      1%          1    #......
C - Confuse               Hex            #####...     1%          3    ###....
I - Invisibility          Hex            #####...     11%         6    #######


Dungeon Overview and Level Annotations

Branches:
Dungeon (8/16)             Temple (1/1) D:4
    Orc: D:6-11        Lair: D:8-13

Altars:
Ashenzari
Cheibriados
Elyvilon
Fedhas
Kikubaaqudgha
Makhleb
Nemelex Xobeh
Okawaru
Sif Muna
Trog
Vehumet
Xom
Yredelemnul
Zin
the Shining One

Shops:
D:4 ?   D:5 %*=(   D:6 =   D:7 *


Innate Abilities, Weirdness & Mutations

You can bottle blood from corpses.
You have razor-sharp teeth.*
You have supernaturally acute eyesight.
You can survive without breathing.*


Message History

You hit the ogre. You bite the ogre.
You draw the ogre's blood!
You feel better.
You feel slightly less thirsty.
The ogre is lightly wounded.
You barely miss the ogre. Your bite misses the ogre.
The ogre is lightly wounded.
The ogre misses you.
You completely miss the ogre.
The ogre is lightly wounded.
You hit the ogre but do no damage.
The ogre is lightly wounded.
The ogre seems less confused.
The ogre hits you with a giant club!
You hit the ogre but do no damage.
The ogre is lightly wounded.
Casting: Confuse
Confirm with . or Enter, or press ? or * to list all spells.
Aiming: Confuse
Press: ? - help, Shift-Dir - straight line, f/p - ogre
Aim: an ogre, wielding a giant club (lightly wounded)
The ogre struggles to resist.
The ogre hits you with a giant club!
You die...

######### #......<#
#.#####.# #.# #.#
#.# #.#####@####
#.....O....#
.###.#####.# .#
#.......#####...###
....................
#.................o
#.................
........#####...##
######## ...#


You could see an ogre.

Vanquished Creatures
  The ghost of Illaniel the Charmwright, an experienced HESk (D:5)
  A phantom (D:4)
  A sky beast (D:6)
  3 ice beasts
  An ogre (D:5)
  A big kobold (Sewer)
  2 giant frogs (D:7)
  A crimson imp (D:6)
  2 goliath beetles
  A centaur zombie (D:7)
  A big fish (Sewer)
  An orc priest (D:5)
  5 scorpions
  2 iguanas
  3 orc wizards
  4 worker ants
  Ijyb (D:7)
  10 adders
  15 gnolls
  2 giant mites (D:5)
  2 worms (D:3)
  A grey rat (Sewer)
  2 giant eyeballs
  2 oozes
  14 orcs
  4 ball pythons
  2 bat skeletons (D:5)
  6 giant cockroaches
  12 goblins
  14 hobgoblins
  7 jackals
  14 kobolds
  6 quokkas
  10 bats
  7 giant geckos
  3 giant newts
  A goblin skeleton (D:5)
  2 kobold skeletons
  An orc zombie (D:5)
  13 rats
  A rat skeleton (D:7)
182 creatures vanquished.

Notes
Turn   | Place    | Note
--------------------------------------------------------------
     0 | D:1      | PolkaDot, the Vampire Enchanter, began the quest for the Orb.
     0 | D:1      | Reached XP level 1. HP: 13/13 MP: 4/4
   140 | D:1      | Reached XP level 2. HP: 19/19 MP: 5/5
   655 | D:1      | Reached skill level 5 in Hexes
   947 | D:2      | Reached XP level 3. HP: 18/24 MP: 6/6
  1176 | D:2      | HP: 1/24 [gnoll/spear (6)]
  1214 | D:4      | Found Bearaih's Magic Scroll Shop.
  1217 | D:4      | Bought a scroll of magic mapping for 35 gold pieces
  1217 | D:4      | Bought a scroll of fog for 20 gold pieces
  1256 | D:4      | Learned a level 3 spell: Confuse
  1338 | D:4      | Found a staircase to the Ecumenical Temple.
  1348 | Temple   | Entered the Ecumenical Temple
  1498 | D:4      | Reached XP level 4. HP: 30/30 MP: 8/8
  1589 | D:3      | Reached skill level 6 in Hexes
  1858 | D:2      | Found a burning altar of Makhleb.
  1859 | D:2      | Reached XP level 5. HP: 32/35 MP: 5/9
  2460 | D:3      | Reached skill level 7 in Hexes
  2638 | D:3      | Found a blossoming altar of Fedhas.
  3284 | D:4      | Reached XP level 6. HP: 41/41 MP: 7/10
  3374 | D:4      | Noticed a phantom
  3399 | D:4      | Killed a phantom
  3399 | D:4      | Reached skill level 5 in Stealth
  3399 | D:4      | Reached skill level 8 in Hexes
  3616 | D:5      | Entered Level 5 of the Dungeon
  3760 | D:5      | Reached XP level 7. HP: 33/46 MP: 2/11
  3863 | D:5      | Found Edeckoidgh's Jewellery Boutique.
  3955 | D:5      | Found a glowing drain.
  4011 | Sewer    | Entered a sewer
  4129 | Sewer    | Reached skill level 9 in Hexes
  4177 | Sewer    | Reached skill level 5 in Short Blades
  4235 | Sewer    | Found a white marble altar of Elyvilon.
  5336 | D:5      | Found Niyt's Weapon Shop.
  5531 | D:5      | Found Graemum's General Store.
  5535 | D:5      | Bought a scroll of remove curse for 39 gold pieces
  5675 | D:5      | Noticed Illaniel's ghost (experienced HESk)
  5707 | D:5      | Killed Illaniel's ghost
  5707 | D:5      | Reached skill level 10 in Hexes
  5707 | D:5      | Reached XP level 8. HP: 13/52 MP: 1/13
  5752 | D:5      | Found Bisiesk's Food Boutique.
  6214 | D:6      | Reached skill level 11 in Hexes
  6419 | D:6      | Found Blaenkut's Jewellery Shop.
  6492 | D:6      | Found a shattered altar of Ashenzari.
  6512 | D:6      | Became a worshipper of Ashenzari the Shackled
  6622 | D:7      | Found a shimmering altar of Xom.
  6656 | D:7      | Learned a level 6 spell: Invisibility
  6775 | D:7      | Found Fusaboth's General Store.
  6960 | D:7      | Noticed Ijyb
  6967 | D:7      | Killed Ijyb
  7079 | D:8      | Reached XP level 9. HP: 36/57 MP: 15/17
  7091 | D:8      | Slain by an ogre

Action                   |  1- 3 |  4- 6 |  7- 9 || total
-------------------------+-------+-------+-------++-------
Melee: Dagger            |   185 |   216 |   364 ||   765
 Cast: Corona            |     2 |       |       ||     2
       Confuse           |     1 |    35 |    32 ||    68
       Invisibility      |       |       |     1 ||     1
 Abil: End Transformatio |       |       |     1 ||     1
       Bat Form          |       |       |     1 ||     1
Evoke: Wand              |       |     1 |       ||     1
  Use: Scroll            |     8 |     4 |     8 ||    20
       Potion            |     7 |     2 |     2 ||    11
 Stab: Sleeping          |     3 |     6 |    22 ||    31
       Confused          |       |    17 |    15 ||    32
       Invisible         |       |       |     1 ||     1
